 Dungeon Crawl Stone Soup version 0.17.2-1-ge4368a0 (webtiles) character file.

13927 Goblin1989 the Martial Artist (level 11, -2/82 HPs)
             Began as a Demonspawn Monk on Sept 13, 2017.
             Was an Initiate of Gozag.
             Hit by a large rock thrown by a cyclops (23 damage)
             ... on level 11 of the Dungeon on Sept 14, 2017.
             The game lasted 00:30:21 (13218 turns).

Goblin1989 the Martial Artist (Demonspawn Monk)    Turns: 13218, Time: 00:30:22

Health: -2/82      AC:  9    Str: 15    XL:     11   Next: 82%
Magic:  0/18       EV: 18    Int: 11    God:    Gozag
Gold:   1696       SH:  0    Dex: 16    Spells: 0 memorised, 10 levels left

rFire  . . .     SeeInvis .       - Unarmed
rCold  . . .     Clarity  .     a - +0 robe
rNeg   . . .     SustAt   .     (no shield)
rPois  .         Gourm    .     (no helmet)
rElec  .         Spirit   +     (no cloak)
rCorr  .         Warding  .     (no gloves)
rMut   .         Stasis   .     (boots unavailable)
MR     .....                    (no amulet)
Stlth  ++........               H - +4 ring of dexterity
                                t - ring of magical power

@: very slightly contaminated, not resistant to hostile enchantments, unstealthy
A: talons 3, rough black scales 2, blurry vision 2, breathe flames 1, clumsy 1,
deformed body, demonic guardian 1, frail 1, low mp 1, shaggy fur 1, augmentation
1, magic shield, magic regeneration
a: Potion Petition, Call Merchant, Bribe Branch, Renounce Religion, Breathe Fire


You were on level 11 of the Dungeon.
You worshipped Gozag.
Gozag was noncommittal.
You were very hungry.

You visited 2 branches of the dungeon, and saw 12 of its levels.
You also visited: Bailey.

You collected 1696 gold pieces.

Inventory:

Hand Weapons
 w - a +1 blowgun {@w1}
Missiles
 h - 8 javelins of penetration (quivered)
 j - 4 curare-tipped needles
 Z - a throwing net {!d, =f}
Armour
 a - a +0 robe (worn)
 x - a +0 scale mail
Jewellery
 t - a ring of magical power (left hand)
 y - a ring of ice
 H - a +4 ring of dexterity (right hand)
Wands
 p - a wand of polymorph (8)
 r - a wand of teleportation (3) {@v3, !v}
 A - a wand of fireball (3)
 I - a wand of disintegration (0)
Scrolls
 g - 2 scrolls of remove curse {@r2}
 n - 2 scrolls of noise
 v - 2 scrolls of amnesia
 R - a scroll of identify {@r1}
 T - a scroll of teleportation
Potions
 f - a potion of lignification
 o - 3 potions of heal wounds {@q2, !q}
Books
 i - a book of Unlife

   Spells                             Type                      Level
   a - Recall                         Summoning/Translocation      3
   b - Animate Dead                   Necromancy                   4
   c - Control Undead                 Necromancy                   4
   d - Cigotuvi's Embrace             Necromancy                   5
   e - Death Channel                  Necromancy                   6
   f - Simulacrum                     Ice/Necromancy               6
 m - a Necronomicon

   Spells                             Type                      Level
   a - Haunt                          Necromancy/Summoning         7
   b - Borgnjor's Revivification      Necromancy                   8
   c - Death's Door                   Charms/Necromancy            8
   d - Necromutation                  Transmutation/Necromancy     8
Comestibles
 b - 12 fruits
 d - 6 meat rations {@e2}
 e - 9 bread rations {@e1}
 k - 2 royal jellies


   Skills:
 + Level 10.3 Fighting
 - Level 0.3 Armour
 + Level 9.3 Dodging
 - Level 1.7 Stealth
 * Level 13.7 Unarmed Combat


You had 10 spell levels left.
You didn't know any spells.

Dungeon Overview and Level Annotations

Branches:
Dungeon (11/15)            Temple (1/1) D:5             Orc (0/4) D:10
   Lair: D:8-11

Altars:
Ashenzari
Cheibriados
Dithmenos
Elyvilon
Fedhas
Gozag
Kikubaaqudgha
Makhleb
Nemelex Xobeh
Okawaru
Qazlal
Ru
Sif Muna
Trog
Vehumet
Xom
Yredelemnul
Zin
The Shining One

Portals:
Trove: D:11 (give +5 ice dragon armour)

Annotations:
D:5 exclusion: Grinder, Grinder
D:8 Gastronok


Innate Abilities, Weirdness & Mutations

You have claws for feet.
You are mostly covered in rough black scales (AC +7, Dex -2).
A weak demonic guardian rushes to your aid.
Your magical and physical power is slightly enhanced at high health.
When hurt, damage is shared between your health and your magic reserves.
You regenerate magic rapidly.
Scrolls take you longer to read.
You can breathe flames.
You are clumsy. (Dex -2)
Armour fits poorly on your strangely shaped body.
You are frail (-10% HP).
Your magical capacity is low (-10% MP).
You are covered in fur (AC +1).


Message History

You miss the killer bee. Your kick misses the killer bee.
The killer bee is severely wounded.
The killer bee is no longer distracted by gold.
The killer bee stings you but does no damage.
The killer bee buzzes angrily.
You pummel the killer bee!!
You kill the killer bee!
The killer bee closely misses you.
You miss the killer bee. Your kick misses the killer bee.
You hear the brisk ticking of a distant clock.
The killer bee completely misses you.
You catch the helpless killer bee completely off-guard!
You pummel the killer bee!!
You kill the killer bee!
A giant frog skeleton comes into view.
You feel sick.
You are no longer poisoned.
You see here 5 gold pieces.
You take 1 damage, and have 9/82 hp.
You now have 1690 gold pieces (gained 5).
The killer bee is distracted by the nearby gold.
You flicker for a moment.
You see here a potion of poison.
You flicker back into view.
MP restored: 18 Your extra speed is starting to run out.
e - 9 bread rations {@e1} (gained 1)
A sheep comes into view.
The sheep moves out of view.
A sheep comes into view.
You feel yourself slow down.
You feel a little less mighty now.
You start to feel less resistant.
You feel a little less agile now.
Your resistance to elements expires.
You are feeling very hungry.
A sheep comes into view.
You hear the brisk ticking of a very distant clock.
The sheep barely misses you.
You punch the sheep! You punch the sheep.
The sheep is severely wounded.
The sheep closely misses you.
You punch the sheep!
You kill the sheep!
You see here 6 gold pieces.
You now have 1696 gold pieces (gained 6).
The sheep bellows!
You barely miss the sheep. The sheep closely misses you.
You punch the sheep!
The sheep is severely wounded.
You hear a bellow!
You hear a shout!
You hit the sheep. You claw the sheep.
The sheep is almost dead.
The sheep completely misses you.
You barely miss the sheep. You claw the sheep, but do no damage.
The sheep is almost dead.
The sheep misses you.
You punch the sheep!
You kill the sheep!
A cyclops comes into view.
The cyclops shouts!
The sheep closely misses you.
You see here 8 gold pieces.
The sheep bites you!
* * * LOW HITPOINT WARNING * * *
Your quasit barely misses the sheep.
Your quasit claws the sheep but does no damage. x2
You take 6 damage, and have 19/82 hp.
You now have 13/18 mp.
Your quasit bites the sheep.
Your quasit claws the sheep but does no damage. x2
The sheep misses your quasit.
Your quasit bites the sheep.
Your quasit claws the sheep but does no damage.
Your quasit claws the sheep.
Your quasit bites the sheep but does no damage.
Your quasit barely misses the sheep. x2
You hit the sheep. You punch the sheep.
The sheep is moderately wounded.
The sheep misses you.
Your quasit barely misses the sheep.
Your quasit claws the sheep but does no damage.
Your quasit claws the sheep.
You hit the sheep but do no damage. Your kick misses the sheep.
The sheep is heavily wounded.
Your quasit bites the sheep but does no damage.
Your quasit claws the sheep.
Your quasit claws the sheep but does no damage.
You hit the sheep. You claw the sheep.
The sheep is severely wounded.
Your quasit disappears in a puff of smoke!
The sheep bites you but does no damage.
You completely miss the sheep. You claw the sheep.
The sheep is almost dead.
The sheep bites you but does no damage.
You hit the sheep.
You kill the sheep!
The cyclops hits your white imp!!
Your white imp dies!
The cyclops throws a large rock.
The large rock hits you!!!
You die...
Your body crumbles into a pile of gold.

...█ █.█ █...█ .Z.█
█.█ █...█ .█ ...█
█.█ █...█ .█ ...█
█.█ █..C█ .█ ...█
█.█ █...█ .█ ...█
█.█ █...█ .█
...███.█ █...█ .█
...!...█████..C███.█
...............$@..█


████████████████████ You could see a cyclops.

Vanquished Creatures
  2 hill giants (D:10)
  An ugly thing (D:11)
  A manticore (D:11)
  A centaur zombie (D:10)
  A manticore (shapeshifter) (D:10)
  3 trolls
  A trapdoor spider (D:11)
  4 yaks
  A deep elf mage (D:10)
  A basilisk (D:10)
  2 hippogriffs
  A sky beast (D:8)
  A necrophage (D:8)
  A black bear (D:8)
  7 orc warriors
  3 ogres
  3 phantoms
  6 centaurs
  4 giant frogs
  2 scorpions
  4 killer bees (D:11)
  2 hounds
  A giant frog skeleton (D:7)
  The ghost of Goblin1989 the Insei, a weakling SpTm (D:3)
  2 centaur skeletons
  2 jellies
  3 orc priests
  A gnoll shaman (D:4)
  2 iguanas (D:7)
  7 orc wizards
  A killer bee zombie (D:8)
  2 worker ants
  3 sheep (D:11)
  The ghost of tidbits the Insei, a weakling DgTm (D:5)
  A hound zombie (D:5)
  2 worker ant zombies
  10 gnolls
  15 adders
  An ooze (D:2)
  An adder zombie (D:6)
  3 worms
  7 giant geckos
  57 orcs
  6 giant cockroaches
  7 hobgoblins
  6 quokkas
  2 ball pythons
  11 bats
  6 giant newts
  11 goblins
  17 jackals
  A jackal skeleton (D:5)
  10 kobolds
  13 rats
265 creatures vanquished.

Vanquished Creatures (collateral kills)
  A yak (D:6)
  A wyvern zombie (D:7)
  A crimson imp (D:7)
  An orc wizard (D:4)
  An adder zombie (D:7)
  A worm (D:3)
  An orc (D:4)
  A rat (D:3)
8 creatures vanquished.

Vanquished Creatures (others)
  An orc wizard (D:7)
1 creature vanquished.

Grand Total: 274 creatures vanquished

Notes
Turn   | Place    | Note
--------------------------------------------------------------
     0 | D:1      | Goblin1989 the Demonspawn Monk began the quest for the Orb.
     0 | D:1      | Reached XP level 1. HP: 18/18 MP: 1/1
   350 | D:1      | Reached skill level 4 in Unarmed Combat
   469 | D:1      | Gained mutation: A weak demonic guardian rushes to your aid. [demonic ancestry]
   469 | D:1      | Reached XP level 2. HP: 18/24 MP: 2/2
   914 | D:1      | Gained mutation: You are partially covered in rough black scales (AC +4, Dex -1). [demonic ancestry]
   914 | D:1      | Reached XP level 3. HP: 2/29 MP: 3/3
  1851 | D:2      | Reached skill level 5 in Unarmed Combat
  1873 | D:2      | Gained mutation: When hurt, damage is shared between your health and your magic reserves. [demonic ancestry]
  1873 | D:2      | Reached XP level 4. HP: 33/35 MP: 4/4
  2677 | D:3      | Found a radiant altar of Vehumet.
  2698 | D:3      | Noticed Goblin1989's ghost (weakling SpTm)
  2717 | D:3      | Killed Goblin1989's ghost
  2717 | D:3      | Reached XP level 5. HP: 19/41 MP: 2/5
  2939 | D:3      | Reached skill level 6 in Unarmed Combat
  3307 | D:3      | Noticed a moth of wrath
  3310 | D:3      | Found a bloodstained altar of Trog.
  3579 | D:4      | Gained mutation: You have sharp toenails. [demonic ancestry]
  3579 | D:4      | Reached XP level 6. HP: 47/47 MP: 6/6
  4414 | D:4      | Noticed an ogre
  4422 | D:4      | Killed an ogre
  4422 | D:4      | Reached skill level 7 in Unarmed Combat
  4481 | D:4      | Noticed a phantom
  4507 | D:4      | Killed a phantom
  4507 | D:4      | Gained mutation: You have razor-sharp toenails. [demonic ancestry]
  4507 | D:4      | Reached XP level 7. HP: 20/53 MP: 7/7
  4858 | D:4      | Found a white marble altar of Elyvilon.
  5087 | D:5      | Entered Level 5 of the Dungeon
  5235 | D:5      | Noticed tidbits's ghost (weakling DgTm)
  5246 | D:5      | Killed tidbits's ghost
  5292 | D:5      | Noticed Grinder
  5723 | D:5      | Found a staircase to the Ecumenical Temple.
  5729 | Temple   | Entered the Ecumenical Temple
  5737 | Temple   | Became a worshipper of Gozag Ym Sagoz the Greedy
  7037 | D:7      | Reached skill level 8 in Unarmed Combat
  7037 | D:7      | Reached XP level 8. HP: 36/61 MP: 8/8
  7387 | D:7      | Found a blossoming altar of Fedhas.
  7390 | D:7      | Reached skill level 5 in Fighting
  7634 | D:7      | HP: 3/62 [yak (7)]
  8119 | D:6      | Reached skill level 9 in Unarmed Combat
  8312 | D:6      | Reached skill level 5 in Dodging
  8588 | D:7      | Gained mutation: You are mostly covered in rough black scales (AC +7, Dex -2). [demonic ancestry]
  8588 | D:7      | Reached XP level 9. HP: 57/69 MP: 9/9
  8641 | D:7      | Learned a level 6 spell: Death Channel
  8645 | D:7      | Reached skill level 11 in Unarmed Combat
  8645 | D:7      | Gained mutation: You regenerate magic rapidly. [demonic ancestry]
  8645 | D:7      | Reached XP level 10. HP: 75/82 MP: 10/10
  8646 | D:7      | Reached skill level 12 in Unarmed Combat
  8646 | D:7      | Gained mutation: Your magical and physical power is slightly enhanced at high health. [demonic ancestry]
  8646 | D:7      | Reached XP level 11. HP: 80/89 MP: 11/11
  8818 | D:8      | Found a flagged portal.
  8844 | Bailey   | Entered a bailey
 10000 | D:8      | Noticed Gastronok
 10003 | D:8      | Gained mutation: You have claws for feet. [potion of mutation]
 10003 | D:8      | Gained mutation: You are frail (-10% HP). [potion of mutation]
 10003 | D:8      | Gained mutation: Scrolls take you a little longer to read. [potion of mutation]
 10004 | D:8      | Gained mutation: You are covered in fur (AC +1). [potion of mutation]
 10004 | D:8      | Gained mutation: Scrolls take you longer to read. [potion of mutation]
 10005 | D:8      | Gained mutation: Armour fits poorly on your strangely shaped body. [potion of mutation]
 10006 | D:8      | Gained mutation: You are clumsy. (Dex -2) [potion of mutation]
 10006 | D:8      | Gained mutation: You can breathe flames. [potion of mutation]
 10006 | D:8      | Gained mutation: Your magical capacity is low (-10% MP). [potion of mutation]
 10102 | D:8      | Reached skill level 13 in Unarmed Combat
 11219 | D:9      | Noticed a fire dragon
 11284 | D:9      | HP: 3/81 [fire dragon/blast of flame (33)]
 11672 | D:10     | Entered Level 10 of the Dungeon
 11854 | D:10     | Noticed a hill giant
 11865 | D:10     | Killed a hill giant
 12112 | D:10     | Noticed a hill giant
 12117 | D:10     | Killed a hill giant
 12117 | D:10     | Reached skill level 10 in Fighting
 12502 | D:10     | Found a staircase to the Orcish Mines.
 13019 | D:11     | Identified a scroll of acquirement
 13061 | D:11     | Found a portal to a secret trove of treasure.
 13113 | D:11     | Noticed a hill giant
 13218 | D:11     | Hit by a large rock thrown by a cyclops

Action                   |  1- 3 |  4- 6 |  7- 9 | 10-12 || total
-------------------------+-------+-------+-------+-------++-------
Melee: Unarmed           |   178 |   200 |   290 |   313 ||   981
Invok: Potion Petition   |       |       |       |     1 ||     1
Evoke: Wand              |       |       |       |     4 ||     4
  Use: Scroll            |       |       |     4 |    11 ||    15
       Potion            |       |       |     1 |    15 ||    16
 Stab: Sleeping          |     3 |     8 |     3 |     9 ||    23
       Distracted        |       |     1 |     3 |     3 ||     7
       Invisible         |       |       |       |     2 ||     2
  Eat: Chunk             |     3 |     8 |     3 |       ||    14
       Fruit             |       |       |     8 |       ||     8
       Pizza             |       |       |     2 |       ||     2
       Beef jerky        |       |       |     1 |     6 ||     7
       Bread ration      |       |       |       |     1 ||     1

Vault maps used:
D:1:      dpeg_arrival_long_road
D:2:      wad_river_or_something, grunt_decor_one_mirror
D:3:      tgw_trog, nicolae_overflow_hidden_temple, first_bread
D:4:      lemuel_coloured_pillars_altar
D:5:      wad_woods_pond, minmay_temple_entry_fiery, basic_altar, uniq_grinder
D:7:      marbit_many_paths, serial_park_tiny_2
D:8:      enter_bailey_3, grunt_ogre_cave, uniq_gastronok
D:9:      dragon1_lemuel, kennysheep_generic_room_9
D:10:     david_orc_4
D:11:     lair_0_dummy, lab_entry_generic, nicolae_trove_entry_crossroad,
          dk_vineyard_3, serial_bayou_pond_b
Temple:   nicolae_temple_no_exploring_needed
Bailey:   bailey_polearm_1, bailey
